 Dungeon Sprint DCSS version 0.19.5 (webtiles) character file.

35 equalderp2856 the Scratcher (level 3, 0/18 HPs)
             Began as a Felid Fighter on Mar 10, 2017.
             Was an Initiate of Gozag.
             Slain by a water moccasin (7 damage)
             ... in the Dungeon (Sprint VII: "The Pits").
             The game lasted 00:00:55 (379 turns).

equalderp2856 the Scratcher (Felid Fighter)          Turns: 379, Time: 00:00:56

Health: 0/18       AC:  1    Str: 13    XL:     3   Next: 16%
Magic:  4/4        EV: 20    Int:  9    God:    Gozag
Gold:   252        SH:  0    Dex: 15    Spells: 0 memorised, 2 levels left
                                        Lives:  0   Deaths: 0

rFire  . . .     SeeInvis +       - Unarmed
rCold  . . .     Gourm    .     (armour unavailable)
rNeg   . . .     Faith    .     (shield unavailable)
rPois  .         Spirit   .     (helmet unavailable)
rElec  .         Reflect  .     (cloak unavailable)
rCorr  .         Harm     .     (gloves unavailable)
MR     .....     NoTele   +     (boots unavailable)
Stlth  ++........               (no amulet)
                                (no ring)
                                (no ring)

@: lethally poisoned (0 -> -16), quick
A: no armour, no weapons or thrown items, stealth, claws 1, fangs 3, see
invisible, carnivore 3, speed 1, shaggy fur 1, slow metabolism 1, sharp paws
a: Potion Petition, Call Merchant, Bribe Branch, Renounce Religion


You were in the Dungeon.
You worshipped Gozag.
Gozag was aware of your devotion.
You were not hungry.

You visited 1 branch You collected 252 gold pieces.

Inventory:

Scrolls
 h - a scroll of blinking
 j - 3 scrolls of remove curse
 k - 5 scrolls of amnesia
 l - a scroll of summoning
Potions
 a - a potion of might
 c - a potion of curing
 e - a potion of haste
 f - 4 potions of magic
 g - 3 potions of berserk rage
 i - 2 potions of invisibility
Comestibles
 b - 8 meat rations


   Skills:
 + Level 4.0 Fighting
 + Level 5.3 Dodging
 + Level 0.8 Stealth
 + Level 6.4 Unarmed Combat


You had 2 spell levels left.
You didn't know any spells.

Dungeon Overview and Level Annotations

Branches:
Dungeon (1/1)

Altars:
Ashenzari
Cheibriados
Dithmenos
Elyvilon
Fedhas
Gozag
Hepliaklqana
Kikubaaqudgha
Makhleb
Nemelex Xobeh
Okawaru
Qazlal
Ru
Sif Muna
Trog
Uskayaw
Vehumet
Xom
Yredelemnul
Zin
The Shining One
Beogh
Jiyva
Lugonu


Innate Abilities, Weirdness & Mutations

You cannot wear armour.
You are incapable of wielding weapons or throwing items.
Your paws allow you to move quietly. (Stealth)
You have sharp claws.
You have razor-sharp teeth.
You have supernaturally acute eyesight. (SInv)
You are carnivorous and can eat meat at any time.
You cover ground quickly.
You are covered in fur. (AC +1)
You have a slow metabolism.
Your sharp claws are effective at attacking unaware monsters.


Message History

You barely miss the water moccasin. The water moccasin barely misses you.
You miss the water moccasin. The water moccasin closely misses you.
The water moccasin completely misses you.
The water moccasin misses you.
There is an open door, spattered with blood here.
You scratch the water moccasin.
The water moccasin is lightly wounded.
The water moccasin closely misses you.
You claw the water moccasin!
The water moccasin is heavily wounded.
The water moccasin completely misses you.
The water moccasin bites you.
You are lethally poisoned!
The water moccasin poisons you!
Okay, then.
You barely miss the water moccasin.
The water moccasin is heavily wounded.
You feel sick. The water moccasin bites you!
You die...
Your body crumbles into a pile of gold.

############
#__________#
#__________#
#____#####'###########++
######)))#.##...........
#%?(.')))'.##......#..#.
##########.##...........
#......SS@..'...........
#+#####r#####......#..#.
#..#..# #...........
#..'..# ####'#####++
#..#### #.......#
#..#..# #.......#
#.r#..# #.......#
##'#..#+###...<...#
#...S..r.##.......#


You could see a water moccasin, a river rat and a ball python.

Vanquished Creatures
  A worker ant (D)
  An ufetubus (D)
  2 bat skeletons (D)
  A bat zombie (D)
  A ball python zombie (D)
  A jackal skeleton (D)
7 creatures vanquished.

Notes
Turn   | Place    | Note
-------+----------+-------------------------------------------
     0 | D        | equalderp2856 the Felid Fighter began the quest for the Orb.
     0 | D        | Reached XP level 1. HP: 10/10 MP: 2/2
    23 | D        | Found a radiant altar of Vehumet.
    23 | D        | Found a hide-covered altar of Uskayaw.
    23 | D        | Found an ancient bone altar of Kikubaaqudgha.
    23 | D        | Found a viscous altar of Jiyva.
    23 | D        | Found a hazy altar of Hepliaklqana.
    24 | D        | Found a bloodstained altar of Trog.
    24 | D        | Found a deep blue altar of Sif Muna.
    24 | D        | Found a sacrificial altar of Ru.
    24 | D        | Found a stormy altar of Qazlal.
    24 | D        | Found an iron altar of Okawaru.
    24 | D        | Found a sparkling altar of Nemelex Xobeh.
    24 | D        | Found an opulent altar of Gozag.
    24 | D        | Found a blossoming altar of Fedhas.
    24 | D        | Found a white marble altar of Elyvilon.
    24 | D        | Found a shadowy altar of Dithmenos.
    24 | D        | Found a snail-covered altar of Cheibriados.
    25 | D        | Found a glowing golden altar of the Shining One.
    25 | D        | Found a glowing silver altar of Zin.
    27 | D        | Found a roughly hewn altar of Beogh.
    27 | D        | Found a burning altar of Makhleb.
    27 | D        | Found a basalt altar of Yredelemnul.
    28 | D        | Found a shattered altar of Ashenzari.
    28 | D        | Found a corrupted altar of Lugonu.
    28 | D        | Found a shimmering altar of Xom.
    30 | D        | Became a worshipper of Gozag Ym Sagoz the Greedy
   165 | D        | Noticed a worker ant
   173 | D        | Killed a worker ant
   173 | D        | Reached skill level 5 in Dodging
   173 | D        | Reached skill level 6 in Unarmed Combat
   173 | D        | Reached XP level 2. HP: 7/15 MP: 3/3
   338 | D        | Reached XP level 3. HP: 18/18 MP: 4/4
   361 | D        | Noticed a water moccasin
   379 | D        | Slain by a water moccasin

Skill      XL: |  1  2  3 |
---------------+----------+-----
Dodging        | 5 |  5.3
Unarmed Combat | 6 |  6.4
Fighting       | 4 |  4.0
Stealth        | |  0.8

Action                   || total
-------------------------++-------
Melee: Unarmed           ||    26
       Bite              ||     4
  Use: Potion            ||     1
 Stab: Distracted        ||     1
Armor: Skin              ||     4
Dodge: Dodged            ||    35
